 Dungeon Crawl Stone Soup version 0.25.1-1-g288607f (webtiles) character file.

Game seed: 3404643090337026288

79 Mpower181 the Skirmisher (level 4, -5/38 HPs)
             Began as a Demonspawn Abyssal Knight on Oct 15, 2020.
             Was a Believer of Lugonu.
             Killed by divine providence
             ... invoked by an orc priest
              (9 damage)
             ... on level 3 of the Dungeon.
             The game lasted 00:11:03 (2152 turns).

Mpower181 the Skirmisher (DsAK)                     Turns: 2152, Time: 00:11:03

Health: -5/38      AC:  6    Str: 14    XL:     4   Next: 17%
Magic:  0/5        EV: 11    Int: 13    God:    Lugonu [**....]
Gold:   63         SH:  0    Dex: 12    Spells: 3/3 levels left

rFire    . . .     SeeInvis .   a - +3 mace
rCold    . . .     Gourm    .   (no shield)
rNeg     + . .     Faith    .   b - +0 leather armour
rPois    .         Spirit   +   (no helmet)
rElec    .         Reflect  .   (no cloak)
rCorr    .         Harm     .   l - +1 pair of gloves
MR       .....                  (no boots)
Stlth    +.........             (no amulet)
HPRegen  0.12/turn              d - ring of positive energy
MPRegen  0.09/turn              (no ring)

@: mighty
A: rugged brown scales 1, powered by pain 1, magic shield
a: Depart the Abyss, Bend Space, Renounce Religion


You were on level 3 of the Dungeon.
You worshipped Lugonu.
Lugonu was pleased with you.
You were not hungry.

You visited 1 branch of the dungeon, and saw 3 of its levels.
You visited the Abyss 1 time.

You collected 63 gold pieces.

Inventory:

Hand Weapons
 a - a +3 mace (weapon)
Armour
 b - a +0 leather armour (worn)
 g - a +0 scale mail
 l - a +1 pair of gloves (worn)
Jewellery
 d - a ring of positive energy (left hand)
Scrolls
 f - 5 scrolls of identify
 i - a scroll of fear
 j - a scroll of enchant armour {unknown}
 k - 3 scrolls of teleportation {unknown}
Potions
 h - 2 potions of lignification
Comestibles
 c - 9 rations


   Skills:
 + Level 4.0 Fighting
 + Level 2.7 Maces & Flails
 - Level 1.8 Armour
 + Level 1.6 Dodging
 + Level 0.5 Stealth
 - Level 2.4 Invocations


You had 3 spell levels left.
You didn't know any spells.
Your spell library was empty.

Dungeon Overview and Level Annotations

Branches:
Dungeon (3/15)

Altars:
Fedhas
Gozag
Qazlal
Uskayaw
Wu Jian


Innate Abilities, Weirdness & Mutations

You are partially covered in rugged brown scales. (AC +1, +3% HP)
You sometimes gain a little power by taking damage.
When hurt, damage is shared between your health and your magic reserves.


Message History

a +0 hand axe; a cursed +0 leather armour You closely miss the orc.
The orc completely misses you.
The orc priest calls down the wrath of Beogh upon you.
Beogh smites you!
* * * LOW HITPOINT WARNING * * *
You focus on the pain.
You feel mightier all of a sudden.
As you read the scroll labeled IPOILU USOPN, it crumbles to dust.
You feel blessed for a moment.
It was a scroll of remove curse.
The orc closely misses you.
The orc priest miscasts a cantrip.
Items here: )))) [ ††
Things that are here:
a +0 trident; a +0 chain mail You see here a worm corpse.
The orc hits you with a +0 hand axe.
* * * LOW HITPOINT WARNING * * *
The orc priest mumbles some strange prayers to Beogh against you.
Beogh smites you!
You die...

#.# #)# #w#
######## #.#
#......# #.#
#.####.# #o#
#.# #.# #.# #<#
#.#
#o###########.#
#.†o.@........#
###############


You could see an orc priest and an orc.

Vanquished Creatures
  2 adders (D:2)
  3 worms
  2 dart slugs
  A leopard gecko (D:1)
  7 orcs (D:3)
  A ball python (D:2)
  A giant cockroach (D:1)
  2 goblins
  2 hobgoblins
  4 jackals (D:1)
  10 bats
  A frilled lizard (D:2)
  2 kobolds (D:1)
  2 rats (D:1)
40 creatures vanquished.

Notes
Turn   | Place    | Note
-------+----------+-------------------------------------------
     0 | Abyss:1  | Mpower181 the Demonspawn Abyssal Knight began the quest for
                  | the Orb.
     0 | Abyss:1  | Reached XP level 1. HP: 18/18 MP: 2/2
    29 | D:1      | Escaped the Abyss
   309 | D:1      | Reached skill level 1 in Dodging
   406 | D:1      | Gained mutation: You are partially covered in rugged brown
                  | scales. (AC +1, +3% HP) [demonic ancestry]
   406 | D:1      | Reached XP level 2. HP: 16/24 MP: 3/3
  1063 | D:2      | Reached ** piety under Lugonu
  1182 | D:2      | Gained mutation: When hurt, damage is shared between your
                  | health and your magic reserves. [demonic ancestry]
  1182 | D:2      | Reached XP level 3. HP: 30/30 MP: 4/4
  1320 | D:2      | Found a blossoming altar of Fedhas.
  1321 | D:2      | Found an opulent altar of Gozag.
  1325 | D:2      | Found an ornate altar of the Wu Jian Council.
  1326 | D:2      | Found a hide-covered altar of Uskayaw.
  1327 | D:2      | Found a stormy altar of Qazlal.
  2100 | D:3      | Gained mutation: You sometimes gain a little power by
                  | taking damage. [demonic ancestry]
  2100 | D:3      | Reached XP level 4. HP: 38/38 MP: 5/5
  2124 | D:3      | Reached skill level 4 in Fighting
  2152 | D:3      | Killed from afar by an orc priest

Illustrated notes

Levels and vault maps discovered:
D:1:      minmay_arrival_four_loops, layout_rooms
D:2:      layout_basic, grunt_temple_overflow_open
D:3:      minmay_door_path, layout_basic, minmay_stone_trees_small

Skill      XL: |  1  2  3  4 |
---------------+-------------+-----
Dodging        | 1 |  1.6
Maces & Flails | 2 |  2.7
Fighting       | 4 |  4.0
Armour         | |  1.8
Stealth        | |  0.5
Invocations    | |  2.4

Action                   |  1- 3 |  4- 6 || total
-------------------------+-------+-------++-------
Melee: Mace              |    97 |    17 ||   114
  Use: Scroll            |     8 |     1 ||     9
       Potion            |     1 |     1 ||     2
  Eat: Ration            |     1 |       ||     1
       Chunk             |     1 |       ||     1
Armor: Leather armour    |    29 |     1 ||    30
Dodge: Dodged            |    73 |     9 ||    82
